 Dungeon Crawl Stone Soup version 0.18.1-48-g4cf74bf (webtiles) character file.

354 santipi the Quickloader (level 6, -3/36 HPs)
             Began as a Kobold Hunter on July 5, 2016.
             Slain by TBriggs11TB's ghost (7 damage)
             ... on level 4 of the Dungeon.
             The game lasted 00:15:51 (3375 turns).

santipi the Quickloader (Kobold Hunter)             Turns: 3375, Time: 00:15:54

Health: -3/36      AC: 10    Str: 10    XL:     6   Next: 94%
Magic:  6/6        EV:  7    Int:  9    God:
Gold:   190        SH:  0    Dex: 19    Spells: 0 memorised, 5 levels left

rFire  + . .     SeeInvis .     a - +2 hand crossbow
rCold  . . .     Gourm    .     r - +0 chain mail
rNeg   . . .     Faith    .     (shield restricted)
rPois  .         Spirit   .     p - +0 hat
rElec  .         Dismiss  .     E - +0 cloak
rCorr  .         Reflect  .     u - +0 pair of gloves
SustAt +         Harm     .     (no boots)
MR     .....                    (no amulet)
Stlth  ..........               G - ring of protection from fire
                                n - ring of sustain attributes

@: not resistant to hostile enchantments, extremely unstealthy
A: carnivore 3
a: no special abilities


You were on level 4 of the Dungeon.
You were very full.

You visited 1 branch of the dungeon, and saw 4 of its levels.

You collected 190 gold pieces.

Inventory:

Hand Weapons
 a - a +2 hand crossbow (weapon)
 b - a +0 short sword
Missiles
 d - 10 bolts (quivered)
 g - 31 arrows
Armour
 p - a +0 hat (worn)
 r - a +0 chain mail (worn)
 u - a +0 pair of gloves (worn)
 E - a +0 cloak (worn)
Jewellery
 n - a ring of sustain attributes (left hand)
 G - a ring of protection from fire (right hand)
Wands
 c - a wand of random effects (17/48)
Scrolls
 h - 2 scrolls of amnesia
 i - a scroll of random uselessness {unknown}
 l - a scroll of enchant weapon
 o - 4 scrolls of identify
 x - a scroll of fog {unknown}
 y - a scroll of immolation {unknown}
 B - 3 scrolls of magic mapping {unknown}
 C - a scroll of blinking {unknown}
 D - a scroll of teleportation
 F - a scroll of enchant armour {unknown}
Potions
 e - a potion of ambrosia {unknown}
 j - a potion of heal wounds {unknown}
 k - a potion of lignification {unknown}
 m - 2 potions of degeneration {unknown}
 q - 2 potions of brilliance
 s - a potion of agility {unknown}
 t - 2 potions of cure mutation {unknown}
Books
 w - a book of Party Tricks

   Spells                             Type                      Level
   a - Summon Butterflies             Summoning                    1
   b - Apportation                    Translocation                1
   c - Tukima's Dance                 Hexes                        3
   d - Alistair's Intoxication        Transmutation/Poison         5
   e - Invisibility                   Hexes                        6
Comestibles
 f - 4 meat rations
 v - 2 slices of pizza
 z - a beef jerky


   Skills:
 + Level 2.5 Fighting
 + Level 1.3 Short Blades
 + Level 8.1 Crossbows
 + Level 1.7 Armour
 + Level 3.1 Dodging
 + Level 1.5 Stealth


You had 5 spell levels left.
You didn't know any spells.

Dungeon Overview and Level Annotations

Branches:
Dungeon (4/15)
 Temple: D:4-7

Altars:

Shops:
D:4 [

Annotations:
D:4 TBriggs11TB's ghost, amateur GrFi


Innate Abilities, Weirdness & Mutations

You are small and have problems with some larger weapons.
You are carnivorous and can eat meat at any time.


Message History

Aim: TBriggs11TB's ghost (heavily damaged)
You shoot a bolt.
The bolt hits TBriggs11TB's ghost but does no damage.
TBriggs11TB's ghost is heavily damaged.
TBriggs11TB's ghost hits you.
* * * LOW HITPOINT WARNING * * *
You are too injured to fight recklessly!
You are too injured to fight recklessly!
You are too injured to fight recklessly!
You are too injured to fight recklessly!
Firing (i - inventory):
d - 11 bolts (quivered)
Press: ? - help, Shift-Dir - straight line, f/p - TBriggs11TB's ghost
Aim: TBriggs11TB's ghost (heavily damaged)
You shoot a bolt.
The bolt hits TBriggs11TB's ghost but does no damage.
TBriggs11TB's ghost is heavily damaged.
TBriggs11TB's ghost hits you!
* * * LOW HITPOINT WARNING * * *
TBriggs11TB's ghost hits you!
You die...

######### #. ####........
#.# ###.....###### ##. #.#
#........# #. #.. #.#
#.#......# #. #.#..##.# #
#......# #. #.#.....###
####'#.# #. #.#.....#.##
#.#.# #. ##.......@.##.
##.#.## #.
#.......W..##.###.....# #.
#..........##.........# #)
#..........####..#†#..# #.
#..........####..+∩+..# #.
#...(..........[.#+#..# ##
#..(......#####......##
#.........##.........#
..........###........######


You could see TBriggs11TB's ghost.

Vanquished Creatures
  Sigmund (D:3)
  An ogre (D:4)
  3 adders
  3 worms (D:2)
  3 dart slugs (D:2)
  4 giant geckos (D:3)
  7 orcs
  6 bats
  2 giant cockroaches (D:2)
  7 goblins
  4 hobgoblins
  4 jackals (D:1)
  5 kobolds (D:2)
  3 quokkas
  A ball python (D:1)
  4 giant newts
  26 rats
84 creatures vanquished.

Notes
Turn   | Place    | Note
--------------------------------------------------------------
     0 | D:1      | santipi the Kobold Hunter began the quest for the Orb.
     0 | D:1      | Reached XP level 1. HP: 12/12 MP: 1/1
   138 | D:1      | Reached skill level 5 in Crossbows
   194 | D:1      | Reached XP level 2. HP: 17/17 MP: 2/2
   976 | D:2      | Reached XP level 3. HP: 21/21 MP: 3/3
  1107 | D:2      | f
  1227 | D:2      | Reached skill level 6 in Crossbows
  1531 | D:2      | Reached XP level 4. HP: 26/26 MP: 4/4
  2089 | D:3      | Noticed Sigmund
  2117 | D:3      | Killed Sigmund
  2117 | D:3      | Reached skill level 7 in Crossbows
  2117 | D:3      | Reached skill level 1 in Armour
  2117 | D:3      | Reached XP level 5. HP: 15/31 MP: 5/5
  2117 | D:3      | Reached XP level 6. HP: 18/36 MP: 6/6
  2497 | D:3      | Reached skill level 8 in Crossbows
  3254 | D:4      | Noticed an ogre
  3264 | D:4      | Killed an ogre
  3264 | D:4      | Reached skill level 1 in Short Blades
  3302 | D:4      | Found Waffoepa's Armour Emporium.
  3358 | D:4      | Noticed TBriggs11TB's ghost (amateur GrFi)
  3375 | D:4      | Slain by TBriggs11TB's ghost

Skill      XL: |  1  2  3  4  5  6 |
---------------+-------------------+-----
Crossbows      | 5 6 7 8 |  8.1
Armour         | 1 |  1.7
Short Blades   | 1 |  1.3
Dodging        | 3 |  3.1
Fighting       | |  2.5
Stealth        | |  1.5

Action                   |  1- 3 |  4- 6 || total
-------------------------+-------+-------++-------
Melee: Short sword       |    12 |   133 ||   145
 Fire: Hand crossbow     |    67 |    58 ||   125
  Use: Scroll            |       |     7 ||     7
       Potion            |       |     2 ||     2
  Eat: Chunk             |     8 |     7 ||    15
Armor: Leather armour    |     5 |       ||     5
       Chain mail        |    21 |   101 ||   122
Dodge: Dodged            |    20 |    62 ||    82
